 Dungeon Crawl Stone Soup version 0.25.0-9-g26727b657a (webtiles) character file.

Game seed: 7189931111461151376

230 MajorAdolf the Chopper (level 6, 0/57 HPs)
             Began as a Naga Wanderer on June 21, 2020.
             Slain by a gnoll
             ... wielding a +0 flail
              (10 damage)
             ... on level 2 of the Dungeon.
             The game lasted 00:02:43 (2501 turns).

MajorAdolf the Chopper (Naga Wanderer)              Turns: 2501, Time: 00:02:44

Health: 0/57       AC:  5    Str: 15    XL:     6   Next: 3%
Magic:  7/7        EV:  7    Int: 16    God:
Gold:   62         SH:  0    Dex:  8    Spells: 7/7 levels left

rFire    . . .     SeeInvis +   g - +1 hand axe
rCold    . . .     Gourm    .   (no shield)
rNeg     . . .     Faith    .   p - +0 scale mail (curse)
rPois    +         Spirit   .   (no helmet)
rElec    .         Reflect  .   (no cloak)
rCorr    .         Harm     .   (no gloves)
MR       .....                  (no barding)
Stlth    ..........             (no amulet)
HPRegen  0.19/turn              n - ring of wizardry
MPRegen  0.10/turn              (no ring)

@: very slow
A: large, see invisible, deformed body, poison resistance, slowness 2, slow
metabolism 1, spit poison 1, AC +2
a: Spit Poison


You were on level 2 of the Dungeon.
You were hungry.

You visited 1 branch of the dungeon, and saw 2 of its levels.

You collected 62 gold pieces.

Inventory:

Hand Weapons
 a - a +2 falchion
 g - a +1 hand axe (weapon)
 i - a +1 scythe of venom
Armour
 b - a +0 plate armour
 d - a +0 robe
 p - a cursed +0 scale mail (worn)
Jewellery
 n - a ring of wizardry (left hand)
 q - an uncursed ring of positive energy {unknown}
Scrolls
 j - a scroll of enchant weapon
 k - a scroll of magic mapping {unknown}
 o - a scroll of fear {unknown}
Potions
 c - a potion of curing
 l - a potion of magic
 m - 2 potions of stabbing
Comestibles
 f - 6 rations


   Skills:
 - Level 3.7 Fighting
 - Level 1.0 Long Blades
 + Level 5.1 Axes
 - Level 1.0 Dodging
 - Level 1.5 Stealth
   Level 1.0 Shields
 - Level 1.0 Spellcasting
   Level 2.0 Transmutations


You had 7 spell levels left.
You didn't know any spells.
Your spell library contained the following spells:

 Spells                   Type           Power        Failure   Level  Hunger
 Corona                   Hex            #......      34%         1    ##.....
 Spectral Weapon          Hex/Chrm       #.......     71%         3    ####...


Dungeon Overview and Level Annotations

Branches:
Dungeon (2/15)

Altars:


Innate Abilities, Weirdness & Mutations

You cannot wear boots.
Your serpentine skin is tough. (AC +2)
You have supernaturally acute eyesight. (SInv)
Armour fits poorly on your strangely shaped body.
Your system is resistant to poisons. (rPois)
You cover ground very slowly.
You have a slow metabolism.
You can spit poison.


Message History

As you read the scroll labeled WIYSTIU LABLAIM, it crumbles to dust.
It is a scroll of amnesia.
Forget Corona, freeing 1 spell level for a total of 7?
Your memory of Corona unravels.
Unknown command.
As you read the scroll labeled BYUKLU WYIFIM, it crumbles to dust.
The scroll dissolves into smoke.
It was a scroll of fog.
The gnoll barely misses you.
The gnoll hits you from afar with a +0 halberd!
The gnoll barely misses you. The gnoll hits you with a +0 whip.
* * * LOW HITPOINT WARNING * * *
Unknown command.
Okay, then.
As you read the scroll labeled MYXEFU YQAUPRO, it crumbles to dust.
It is a scroll of enchant weapon.
Your +0 hand axe glows red for a moment.
The gnoll hits you from afar with a +0 halberd.
* * * LOW HITPOINT WARNING * * *
The gnoll hits you with a +0 flail!
You die...

###......##.[.###.....##
#......##......#........
#......##....).#......##
#......##...........(...
#.......................
#........###.##.........
#####§.§§§#
#.##.........
#.....§§§§#
#.#######....
#.....§§@g# #.# ##....
#......§gg# #+# #.....
#.....#§§.gg. #...##
#.....#...##... #...#
#.....#...# ... #...##
##### ##### ## #....#
####### #....# #.....#
####..... #.....#
#........


You could see 4 gnolls.

Vanquished Creatures
  Sigmund (D:2)
  2 adders (D:2)
  4 dart slugs
  2 leopard geckos (D:2)
  2 ball pythons (D:1)
  5 bats
  3 giant cockroaches
  4 goblins
  5 hobgoblins
  3 jackals (D:1)
  3 frilled lizards
  6 kobolds
  3 rats
43 creatures vanquished.

Notes
Turn   | Place    | Note
-------+----------+-------------------------------------------
     0 | D:1      | MajorAdolf the Naga Wanderer began the quest for the Orb.
     0 | D:1      | MajorAdolf set off with the following items: a +2 falchion,
                  | a potion of curing, a +0 robe, a ration; and the following
                  | spell memorised: Corona; and the following spells available
                  | to memorise: Spectral Weapon
     0 | D:1      | Reached XP level 1. HP: 21/21 MP: 2/2
   239 | D:1      | Reached XP level 2. HP: 23/28 MP: 3/3
   515 | D:1      | Reached skill level 1 in Axes
   836 | D:1      | Reached XP level 3. HP: 32/36 MP: 4/4
  1315 | D:2      | Noticed a phantom
  1377 | D:2      | Reached skill level 2 in Axes
  1805 | D:2      | Noticed Sigmund
  1822 | D:2      | Killed Sigmund
  1822 | D:2      | Reached skill level 4 in Axes
  1822 | D:2      | Reached XP level 4. HP: 7/44 MP: 5/5
  1822 | D:2      | Reached XP level 5. HP: 8/50 MP: 6/6
  1847 | D:2      | HP: 2/50 [poisoned by Sigmund]
  2248 | D:2      | Reached skill level 5 in Axes
  2248 | D:2      | Reached XP level 6. HP: 57/57 MP: 7/7
  2501 | D:2      | Slain by a gnoll

Illustrated notes

Levels and vault maps discovered:
D:1:      minmay_arrival_stone_box, layout_loops_ring
D:2:      layout_basic, first_ration, uniq_sigmund

Skill      XL: |  1  2  3  4  5 |
---------------+----------------+-----
Axes           | 1 4 5 |  5.1
Fighting       | |  3.7
Long Blades    | |  1.0
Dodging        | |  1.0
Stealth        | |  1.5
Shields        | |  1.0
Spellcasting   | |  1.0
Transmutations | |  2.0

Action                   |  1- 3 |  4- 6 || total
-------------------------+-------+-------++-------
Melee: Falchion          |    90 |       ||    90
       Hand axe          |    21 |    35 ||    56
 Abil: Spit Poison       |     2 |       ||     2
  Use: Scroll            |     1 |     5 ||     6
       Potion            |     1 |       ||     1
 Stab: Sleeping          |     1 |       ||     1
  Eat: Chunk             |     2 |     1 ||     3
Armor: Robe              |     5 |       ||     5
       Plate armour      |    70 |    24 ||    94
       Scale mail        |       |    11 ||    11
Dodge: Dodged            |    35 |    10 ||    45
       Rpst.: Falchion   |     9 |       ||     9
